AoeStats
← Schöner Pikser

Lombardia

510141492Analyzed
2v2 RM · 4d ago on Sep 29, 2026· 45m 44s· 4 players
Game mode
Random Map
Map size
Medium (4 player)
Population
200
Speed
Normal
Resources
Standard
Victory
Conquest
Starting age
Dark Age
Ending age
Imperial Age
RankedLock teamsTeams togetherTeam positionsShared explorationLock speedFull tech treeHidden civsTurbo modeCheats
Victory
Defeat
🇩🇪 Japanese · Germany
1315
+17
🇩🇪 Georgians · Germany
1313
+17
🇳🇴 Maya · Norway
1343
-18
🇳🇴 Lithuanians · Norway
1315
-16
__ynot__
8:59 Loom
11:15 Feudal Age
12:20 Double-Bit Axe
14:50 Castle Age
16:35 Bow Saw
16:07 Horse Collar
22:16 Wheelbarrow
21:59 Heavy Plow
24:01 Bloodlines
24:43 Husbandry
25:18 Scale Barding Armor
26:31 Hand Cart
26:56 Town Watch
27:56 Forging
32:10 Imperial Age
30:23 Svan Towers
30:28 Fletching
32:00 Chain Barding Armor
32:16 Iron Casting
31:40 Bodkin Arrow
31:59 Guard Tower
32:31 Ballistics
32:14 Cavalier
33:46 Plate Barding Armor
34:44 Conscription
35:32 Chemistry
35:09 Keep
35:01 Town Patrol
35:27 Bracer
43:03 Light Cavalry
45:22 Blast Furnace
44:24 Hussar
Schöner Pikser
5:57 Loom
9:02 Feudal Age
10:20 Double-Bit Axe
11:51 Horse Collar
18:36 Castle Age
17:20 Gold Mining
19:06 Fletching
20:38 Bow Saw
23:08 Gold Shaft Mining
24:05 Thumb Ring
26:22 Bodkin Arrow
30:38 Bloodlines
30:33 Husbandry
31:26 Bloodlines
31:49 Padded Archer Armor
35:30 Ballistics
34:52 Treadmill Crane
36:31 Leather Archer Armor
39:29 Imperial Age
40:40 Conscription
39:51 Heavy Cavalry Archer
40:48 Bracer
42:35 Chemistry
44:40 Kataparuto
46:19 Siege Engineers
Mygstein
0:26 Loom
10:41 Feudal Age
15:33 Castle Age
15:28 Double-Bit Axe
17:05 Bow Saw
17:06 Horse Collar
19:01 Heavy Plow
23:58 Bow Saw
23:53 Stone Mining
24:22 Gold Mining
25:41 Wheelbarrow
25:00 Gold Mining
30:36 Imperial Age
28:48 Fletching
28:58 Padded Archer Armor
29:01 Crossbowman
30:06 Bodkin Arrow
30:26 Leather Archer Armor
30:25 Caravan
32:21 Two-Man Saw
31:38 Hand Cart
30:47 Arbalester
32:15 Thumb Ring
32:14 Bracer
32:46 Ring Archer Armor
33:31 Coinage
36:41 Chemistry
36:02 Ballistics
36:52 Chemistry
37:24 Banking
38:57 Masonry
42:15 Conscription
Aemon
9:40 Loom
11:28 Feudal Age
16:01 Castle Age
15:31 Bloodlines
16:39 Double-Bit Axe
20:17 Wheelbarrow
22:16 Stone Mining
24:10 Horse Collar
25:19 Bow Saw
25:09 Town Watch
26:32 Heavy Plow
28:49 Fervor
28:53 Husbandry
33:27 Imperial Age
31:28 Scale Barding Armor
33:46 Sanctity
33:51 Caravan
35:43 Two-Man Saw
34:38 Pikeman
35:19 Squires
36:02 Gold Mining
37:05 Halberdier
39:04 Conscription
39:50 Chemistry
39:31 Capped Ram
40:53 Forging
40:44 Scale Mail Armor
41:07 Town Patrol
41:37 Tower Shields
42:58 Iron Casting
42:38 Chain Mail Armor
44:46 Onager
Connection lost

Rejoining the realm…

Still unreachable

The connection could not be restored.

Session expired

The server has moved on; the page needs a fresh start.